 Dungeon Crawl Stone Soup version 0.28.0-49-g6dfe1f597d (webtiles) character file.

Game seed: 6834879756091368828

201 nickcage the Vexing (level 5, -5/24 HPs)
             Began as a Spriggan Enchanter on May 11, 2022.
             Slain by Grinder (7 damage)
             ... on level 3 of the Dungeon.
             The game lasted 00:09:32 (3961 turns).

nickcage the Vexing (Spriggan Enchanter)            Turns: 3961, Time: 00:09:33

Health: -5/24      AC:  7    Str:  4    XL:     5   Next: 50%
Magic:  10/10      EV: 17    Int: 17    God:
Gold:   67         SH:  0    Dex: 17    Spells: 7/10 levels left

rFire   . . .      SeeInvis +   a - +1 dagger
rCold   . . .      Faith    .   (no shield)
rNeg    . . .      Spirit   .   b - +0 robe
rPois   .          Reflect  .   (helmet restricted)
rElec   .          Harm     .   g - +0 cloak
rCorr   .          Rampage  .   (gloves unavailable)
Will    .....                   (boots unavailable)
Stlth   +++.......              (no amulet)
HPRegen 0.08/turn               h - +4 ring of protection
MPRegen 0.12/turn               (no ring)

@: very quick
A: very small, no large weapons, unfitting armour, see invisible, speed 3
a: no special abilities


You were on level 3 of the Dungeon.
You visited 1 branch of the dungeon, and saw 3 of its levels.

You collected 67 gold pieces.

Inventory:

Hand Weapons
 a - a +1 dagger (weapon)
Armour
 b - a +0 robe (worn)
 g - a +0 cloak (worn)
Jewellery
 e - an amulet of the acrobat
 h - a +4 ring of protection (left hand)
Scrolls
 j - a scroll of enchant weapon {unknown}
 k - a scroll of immolation {unknown}
Potions
 c - a potion of invisibility
 d - 3 potions of curing {unknown}
 f - a potion of mutation {unknown}
 i - a potion of cancellation {unknown}


   Skills:
 + Level 4.4 Short Blades
 - Level 2.6 Dodging
 - Level 4.4 Stealth
 - Level 3.0 Spellcasting
 - Level 5.0 Hexes
 - Level 2.0 Transmutations
 - Level 1.0 Poison Magic


You had 7 spell levels left.
You knew the following spells:

 Your Spells              Type           Power      Damage    Failure   Level
a - Ensorcelled Hibernat  Hex/Ice        22%        N/A       10%         2
b - Sting                 Tmut/Pois      28%        1d4       10%         1

Your spell library contained the following spells:

 Spells                   Type           Power      Damage    Failure   Level
 Confusing Touch          Hex            19%        N/A       7%          3
 Tukima's Dance           Hex            19%        N/A       7%          3
 Animate Skeleton         Necr           4%         N/A       17%         1
 Pain                     Necr           8%         1d4       17%         1
 Dazzling Flash           Conj/Hex       22%        N/A       19%         3
 Poisonous Vapours        Pois/Air       8%         N/A       22%         2
 Vampiric Draining        Necr           2%         2d6       45%         3
 Anguish                  Hex/Necr       5%         N/A       52%         4
 Olgreb's Toxic Radiance  Pois           6%         N/A       75%         4
 Iskenderun's Mystic Bla  Conj/Tloc      2%         2d3       86%         4
 Starburst                Conj/Fire      1%         6d3       100%        6
 Enfeeble                 Hex            9%         N/A       100%        7


Dungeon Overview and Level Annotations

Branches:
Dungeon (3/15)

Altars:

Annotations:
D:3 Grinder


Innate Abilities, Weirdness & Mutations

You are very small and have problems with some larger weapons.
You are too small for most types of armour.
You have supernaturally acute eyesight. (SInv)
You cover ground extremely quickly. (Speed+++)


Message History

Grinder closely misses you.
You completely miss Grinder.
Grinder is almost dead.
Grinder closely misses you.
You hit Grinder but do no damage.
Grinder is almost dead.
Grinder hits you but does no damage.
You closely miss Grinder.
Grinder is almost dead.
You hit Grinder.
Grinder is almost dead.
Grinder gestures at you. Pain shoots through your body!
Ouch! That really hurt!
You hit Grinder but do no damage. Your punch misses Grinder.
Grinder is almost dead.
Grinder blinks!
You barely miss Grinder.
Grinder is almost dead.
Grinder closely misses you.
You hit Grinder.
Grinder is almost dead.
Grinder hits you!
* * * LOW HITPOINT WARNING * * *
You hit Grinder but do no damage.
Grinder is almost dead.
Grinder gestures at you. You resist with some effort.
You closely miss Grinder.
Grinder is almost dead.
You closely miss Grinder.
Grinder is almost dead.
Grinder blinks!
You are too injured to fight recklessly!
You barely miss Grinder.
Grinder is almost dead.
You completely miss Grinder.
Grinder is almost dead.
Grinder hits you!
You die...

...# #.# ...# #.# #### #.#
# #.# ####### # #.#
#.....# # #.###.....#
#.........# #####5...?#
### #@....# #............
#.#####.##### #.# #$#
##.#####.####### ######
#...............
..<..######........#######
..........)...######
###.#######.#.#


You could see Grinder.

Vanquished Creatures
  A bullfrog (D:3)
  5 adders
  A worm (D:2)
  2 dart slugs (D:3)
  9 orcs (D:3)
  7 ball pythons
  9 bats
  5 endoplasms
  3 giant cockroaches
  7 goblins
  7 hobgoblins
  2 kobolds
  4 quokkas
  6 frilled lizards
  6 rats
74 creatures vanquished.

Notes
Turn   | Place    | Note
-------+----------+-------------------------------------------
     0 | D:1      | nickcage the Spriggan Enchanter began the quest for the
                  | Orb.
     0 | D:1      | Reached XP level 1. HP: 9/9 MP: 5/5
   195 | D:1      | Reached skill level 4 in Hexes
   347 | D:1      | Reached XP level 2. HP: 13/13 MP: 6/6
   350 | D:1      | Learned a level 2 spell: Ensorcelled Hibernation
  1810 | D:2      | Reached XP level 3. HP: 16/16 MP: 4/8
  1887 | D:2      | Reached skill level 5 in Hexes
  1889 | D:2      | Learned a level 1 spell: Sting
  2193 | D:2      | Found a faded altar of an unknown god.
  2638 | D:2      | Reached skill level 1 in Transmutations
  2789 | D:2      | Reached skill level 1 in Poison Magic
  2789 | D:2      | Reached XP level 4. HP: 21/21 MP: 2/9
  3173 | D:3      | Noticed Grinder
  3270 | D:3      | Noticed a bullfrog
  3276 | D:3      | Killed a bullfrog
  3277 | D:3      | Reached XP level 5. HP: 23/24 MP: 5/10
  3955 | D:3      | HP: 1/24 [Grinder (8)]
  3961 | D:3      | Slain by Grinder

Illustrated notes

Levels and vault maps discovered:
D:1:      minmay_arrival_four_circles, layout_loops_ring,
          chequers_serial_rivers_small_b
D:2:      layout_basic, hellmonk_ecumenical_altar_leap_of_faith
D:3:      layout_loops_ring, uniq_grinder

Skill      XL: |  1  2  3  4  5 |
---------------+----------------+-----
Hexes          | 4 5 |  5.0
Short Blades   | 2 3 4 |  4.4
Transmutations | 1 2 |  2.0
Spellcasting   | 3 |  3.0
Poison Magic   | 1 |  1.0
Dodging        | |  2.6
Stealth        | |  4.4

Action                   |  1- 3 |  4- 6 || total
-------------------------+-------+-------++-------
Melee: Dagger            |   169 |   101 ||   270
       Punch             |     1 |     1 ||     2
 Cast: Ensorcelled Hiber |    23 |    25 ||    48
  Use: Scroll            |       |     2 ||     2
 Stab: Sleeping          |    18 |    25 ||    43
Armor: Robe              |    36 |    17 ||    53
Dodge: Dodged            |   144 |    53 ||   197
